 Dungeon Crawl Stone Soup version 0.18.1-5-g4a78601 (webtiles) character file.

1915 kae the Basher (level 8, -9/64 HPs)
             Began as a Minotaur Fighter on May 13, 2016.
             Mangled by a manticore (11 damage)
             ... on level 7 of the Dungeon.
             The game lasted 00:11:24 (4871 turns).

kae the Basher (Minotaur Fighter)                   Turns: 4871, Time: 00:11:25

Health: -9/64      AC:  8    Str: 22    XL:     8   Next: 95%
Magic:  7/7        EV:  7    Int:  7    God:
Gold:   354        SH:  9    Dex:  9    Spells: 0 memorised, 7 levels left

rFire  . . .     SeeInvis .     a - +1 flail
rCold  + . .     Gourm    .     b - +0 scale mail
rNeg   . . .     Faith    .     c - +0 shield
rPois  .         Spirit   .     (helmet restricted)
rElec  .         Dismiss  .     x - +0 cloak
rCorr  .         Reflect  .     (no gloves)
SustAt .         Harm     .     (no boots)
MR     .....                    (no amulet)
Stlth  ..........               F - ring of protection from cold
                                J - ring of flight

@: not resistant to hostile enchantments, extremely unstealthy
A: retaliatory headbutt, horns 2
a: Evoke Flight


You were on level 7 of the Dungeon.
You were not hungry.

You visited 1 branch of the dungeon, and saw 7 of its levels.

You collected 354 gold pieces.

Inventory:

Hand Weapons
 a - a +1 flail (weapon)
Armour
 b - a +0 scale mail (worn)
 c - a +0 shield (worn)
 x - a +0 cloak (worn)
Jewellery
 C - an uncursed amulet of rage
 F - a ring of protection from cold (right hand)
 G - an uncursed ring of fire
 J - a ring of flight (left hand)
 K - an uncursed amulet of dismissal
Wands
 e - a wand of acid (0/15)
 u - a wand of digging (7/24)
 z - a wand of paralysis (20/24)
 L - a wand of random effects (36/48)
Scrolls
 i - 2 scrolls of recharging
 j - a scroll of magic mapping
 n - a scroll of amnesia
 r - 3 scrolls of remove curse
Potions
 d - 2 potions of might
 g - a potion of berserk rage
 h - 2 potions of flight
 l - a potion of cancellation
 o - a potion of resistance {unknown}
 q - 2 potions of mutation
 t - a potion of brilliance
 v - a potion of agility {unknown}
 B - a potion of haste
 H - 2 potions of degeneration
Books
 y - a book of Maledictions

   Spells                             Type                      Level
   a - Corona                         Hexes                        1
   b - Ensorcelled Hibernation        Hexes/Ice                    2
   c - Confuse                        Hexes                        3
   d - Tukima's Dance                 Hexes                        3
   e - Dazzling Spray                 Conjuration/Hexes            3
 D - a book of Dreams

   Spells                             Type                      Level
   a - Ensorcelled Hibernation        Hexes/Ice                    2
   b - Silence                        Hexes/Air                    5
   c - Darkness                       Hexes                        6
   d - Shadow Creatures               Summoning                    6
Comestibles
 f - 4 bread rations
 k - 6 meat rations
 m - 11 fruits
 A - 2 beef jerkies
 E - a slice of pizza
 I - 3 chunks of flesh


   Skills:
 - Level 3.6 Fighting
 + Level 13.5 Maces & Flails
 - Level 3.6 Armour
 - Level 3.6 Shields


You had 7 spell levels left.
You didn't know any spells.

Dungeon Overview and Level Annotations

Branches:
Dungeon (7/15)
 Temple: D:4-7

Altars:
Ashenzari
Cheibriados
Dithmenos
Pakellas
Ru
Yredelemnul


Innate Abilities, Weirdness & Mutations

You reflexively headbutt those who attack you in melee.
You have a pair of horns on your head.


Message History

The manticore claws you but does no damage.
You block the manticore's attack.
You hit the manticore but do no damage.
The manticore is lightly wounded.
The manticore bites you.
* * * LOW HITPOINT WARNING * * *
The manticore claws you.
* * * LOW HITPOINT WARNING * * *
The manticore claws you but does no damage.
Drink which item? (? for menu, Esc to quit)
Okay, then.
You hit the manticore. You headbutt the manticore.
The manticore is moderately wounded.
The manticore bites you but does no damage.
The manticore claws you but does no damage. x2
Unknown command.
You hit the manticore.
The manticore is moderately wounded.
You block the manticore's attack. x2; The manticore claws you!
You die...

##..).....Y..## #.
#.............# ###..
###...........!.##.....
#.#....................
#.....................
#......# #..........
#......# #..........
#...# #.........#
###@#######......###
##H...........##
#########..### ####


You could see a manticore.

Vanquished Creatures
  A hippogriff (D:7)
  The ghost of barb4r1an the Poker, an amateur MfSk of Okawaru (D:3)
  A water moccasin (D:5)
  2 ice beasts
  A phantom (D:4)
  3 ogres
  2 centaurs
  A crocodile (D:7)
  A giant frog (D:5)
  A crimson imp (D:6)
  2 centaur zombies
  A hound (D:6)
  A jelly (D:6)
  3 orc priests
  A giant frog skeleton (D:7)
  5 orc wizards
  An iguana (D:4)
  4 worker ants
  A hound skeleton (D:5)
  3 gnolls (D:5)
  4 adders
  A shadow imp (D:5)
  An adder skeleton (D:4)
  3 worms
  4 dart slugs
  3 giant geckos
  12 orcs
  2 ball pythons
  3 giant cockroaches
  7 hobgoblins
  8 jackals
  7 kobolds
  4 quokkas
  14 bats
  2 giant gecko skeletons (D:5)
  A giant gecko zombie (D:5)
  8 giant newts
  4 goblins (D:1)
  A jackal skeleton (D:6)
  5 rats
130 creatures vanquished.

Notes
Turn   | Place    | Note
--------------------------------------------------------------
     0 | D:1      | kae the Minotaur Fighter began the quest for the Orb.
     0 | D:1      | Reached XP level 1. HP: 19/19 MP: 0/0
   161 | D:1      | Reached skill level 3 in Maces & Flails
   202 | D:1      | Reached XP level 2. HP: 26/26 MP: 1/1
   321 | D:1      | Reached skill level 4 in Maces & Flails
   418 | D:1      | Reached XP level 3. HP: 15/31 MP: 2/2
   920 | D:2      | Reached skill level 5 in Maces & Flails
  1335 | D:2      | Found a shattered altar of Ashenzari.
  1336 | D:2      | Found a sacrificial altar of Ru.
  1388 | D:2      | Found an oddly glowing altar of Pakellas.
  1452 | D:3      | Reached XP level 4. HP: 26/39 MP: 3/3
  1567 | D:3      | Found a basalt altar of Yredelemnul.
  1653 | D:3      | Noticed barb4r1an's ghost (amateur MfSk)
  1667 | D:3      | Killed barb4r1an's ghost
  1667 | D:3      | Reached skill level 7 in Maces & Flails
  1667 | D:3      | Reached XP level 5. HP: 28/45 MP: 4/4
  2161 | D:4      | Reached XP level 6. HP: 42/51 MP: 5/5
  2203 | D:4      | Reached skill level 8 in Maces & Flails
  2216 | D:4      | Reached skill level 9 in Maces & Flails
  2219 | D:4      | Reached XP level 7. HP: 26/57 MP: 6/6
  2803 | D:4      | Reached skill level 10 in Maces & Flails
  2858 | D:5      | Entered Level 5 of the Dungeon
  3331 | D:5      | Reached skill level 11 in Maces & Flails
  3421 | D:5      | Reached XP level 8. HP: 56/64 MP: 7/7
  3600 | D:5      | Found a shadowy altar of Dithmenos.
  3728 | D:6      | Found a snail-covered altar of Cheibriados.
  3966 | D:6      | Reached skill level 12 in Maces & Flails
  4231 | D:6      | Reached skill level 13 in Maces & Flails
  4692 | D:7      | Found Ujittid's Antique Weapon Boutique.
  4757 | D:7      | Noticed a manticore
  4869 | D:7      | HP: 2/64 [manticore (4)]
  4871 | D:7      | Mangled by a manticore

Skill      XL: |  1  2  3  4  5  6  7  8 |
---------------+-------------------------+-----
Maces & Flails | 3 4 5 7 9 11 13 | 13.5
Fighting       | |  3.6
Armour         | |  3.6
Shields        | |  3.6

Action                   |  1- 3 |  4- 6 |  7- 9 || total
-------------------------+-------+-------+-------++-------
Melee: Flail             |   156 |    85 |   195 ||   436
       Headbutt          |    18 |    16 |    38 ||    72
Evoke: Wand              |       |       |     8 ||     8
  Use: Scroll            |       |     2 |    15 ||    17
       Potion            |       |     2 |     3 ||     5
  Eat: Chunk             |     2 |     2 |    10 ||    14
Armor: Scale mail        |    96 |    39 |    54 ||   189
Dodge: Dodged            |    52 |    36 |    42 ||   130
Block: Shield            |    87 |    41 |    80 ||   208
